 Dungeon Crawl Stone Soup version 0.24.1-14-gf8d2b509d9 (webtiles) character file.

Game seed: 9272955433760955941, levelgen mode: deterministic

21186 Barabas the Severer (level 12, -21/169 HPs)
             Began as a Minotaur Berserker on May 24, 2020.
             Was an Elder of Trog.
             Demolished by a spriggan rider
             ... wielding the +10 trident "Ceigacs" {holy, Fragile rF+ Stlth+}
              (31 damage)
             ... on level 4 of the Lair of Beasts.
             The game lasted 00:52:43 (10915 turns).

Barabas the Severer (Minotaur Berserker)           Turns: 10915, Time: 00:52:45

Health: -21/169    AC: 13    Str: 27    XL:     12   Next: 52%
Magic:  11/11      EV: 12    Int:  4    God:    Trog [****..]
Gold:   752        SH:  0    Dex: 15    Spells: 11/11 levels left

rFire    . . .     SeeInvis +   y - +5 war axe
rCold    . . .     Gourm    .   (no shield)
rNeg     + . .     Faith    .   f - +1 scale mail
rPois    .         Spirit   .   (helmet restricted)
rElec    .         Reflect  .   (no cloak)
rCorr    .         Harm     .   (no gloves)
MR       .....                  D - +2 pair of boots
Stlth    ..........             m - amulet of regeneration
HPRegen  0.78/turn              b - ring of see invisible
MPRegen  0.12/turn              C - ring of positive energy

@: berserking, lethally poisoned (-21 -> -23), very quick
A: retaliatory headbutt, horns 2
a: Berserk, Trog's Hand, Brothers in Arms, Renounce Religion


You were on level 4 of the Lair of Beasts.
You worshipped Trog.
Trog was greatly pleased with you.
You were near starving.

You visited 2 branches of the dungeon, and saw 12 of its levels.

You collected 752 gold pieces.

Inventory:

Hand Weapons
 p - a +4 longbow of flaming
 y - a +5 war axe (weapon)
Armour
 a - a +0 ring mail
 f - a +1 scale mail (worn)
 D - a +2 pair of boots (worn)
 E - a +0 helmet
Jewellery
 b - a ring of see invisible (left hand)
 e - an uncursed ring of resist corrosion
 g - a +5 ring of protection
 m - an amulet of regeneration (around neck)
 t - a +3 ring of evasion
 x - an uncursed amulet of the acrobat {unknown}
 C - a ring of positive energy (right hand)
Wands
 j - a wand of paralysis (8)
 o - a wand of enslavement (6)
 s - a wand of flame (8)
Scrolls
 i - 2 scrolls of immolation
 l - 6 scrolls of fog
 n - 4 scrolls of magic mapping
 r - 7 scrolls of teleportation
 u - 2 scrolls of blinking
 v - 3 scrolls of remove curse
 z - a scroll of identify
Potions
 d - 2 potions of berserk rage
 h - 3 potions of lignification
 k - a potion of resistance
 q - 4 potions of curing
 w - 2 potions of brilliance
 A - 2 potions of might
 B - a potion of magic {unknown}
Comestibles
 c - 17 rations
 F - 10 chunks of flesh


   Skills:
 + Level 12.9 Fighting
 * Level 16.8 Axes
 + Level 12.4 Armour
 - Level 2.7 Dodging


You had 11 spell levels left.
You didn't know any spells.
Your spell library contained the following spells:

 Spells                   Type           Power        Failure   Level  Hunger
 Animate Skeleton         Necr           N/A          71%         1    ##.....
 Apportation              Tloc           #.....       71%         1    ##.....
 Confusing Touch          Hex            #.....       71%         1    ##.....
 Summon Small Mammal      Summ           #...         71%         1    ##.....
 Call Imp                 Summ           #.......     85%         2    ###....
 Call Canine Familiar     Summ           #.......     97%         3    ####...
 Confuse                  Hex            #.......     97%         3    ####...
 Gell's Gravitas          Tloc           #.........   97%         3    ####...
 Summon Guardian Golem    Hex/Summ       #.......     97%         3    ####...
 Petrify                  Tmut/Erth      #.......     100%        4    #####..
 Summon Ice Beast         Ice/Summ       #.......     100%        4    #####..
 Summon Lightning Spire   Summ/Air       #.......     100%        4    #####..
 Metabolic Englaciation   Hex/Ice        #.........   100%        5    ######.
 Yara's Violent Unravell  Hex/Tmut       #.........   100%        5    ######.


Dungeon Overview and Level Annotations

Branches:
Dungeon (8/15)             Temple (0/1) D:7            Lair (4/6) D:8
 Shoals (0/4) Lair:3        Snake (0/4) Lair:2

Altars:
Dithmenos
Fedhas
Gozag
Makhleb
Nemelex Xobeh
Okawaru
Qazlal
Sif Muna
Trog
Uskayaw
Wu Jian
Xom

Annotations:
Lair:4 1 transporter, sipior's ghost, journeyman OpVM


Innate Abilities, Weirdness & Mutations

You reflexively headbutt those who attack you in melee.
You have a pair of horns on your head.


Message History

* * * LOW HITPOINT WARNING * * *
Okay, then.
You can't go down here!
You are too berserk!
You slice sipior's ghost!! Your headbutt misses sipior's ghost.
Sipior's ghost is heavily damaged.
* * * LOW HITPOINT WARNING * * *
You are more poisoned.
Sipior's ghost hits you.
* * * LOW HITPOINT WARNING * * *
You slash sipior's ghost!
Sipior's ghost is severely damaged.
You slash the yak! You hit the yak.
You feel sick.
You closely miss sipior's ghost. Your headbutt misses sipior's ghost.
Sipior's ghost is severely damaged.
You hit the yak. You slash the yak!
* * * LOW HITPOINT WARNING * * *
You are more poisoned.
The spriggan rider hits you from afar with the +10 trident "Ceigacs" {holy, Fragile rF+ Stlth+}!!
You die...

.................................
.................................
...................#####.........
.PP..#####.......###...###.......
..##########....##...##.###.....P
..# #..PP#....#.Y..# #i.#..##..
..# ....'.....##Yi..#≈#..##.....
..# ....###...#YWYY...#...#.....
..# .. # #..©#@Yii._!...©#©....
..# #.# .##....#)##i...##..#...#.
..###.##.###...##.###.#≈#.##.....
...##.#P..#.....##.#..#####......
......<.........##...i#.###......
.................###..i###.......
.O.................#####.........
.................................
..##..####.......................


You could see 2 spriggan riders, 6 yaks, 2 spriggans and sipior's ghost.

Vanquished Creatures
  3 hydras
  A two-headed ogre (D:8)
  Nergalle (Lair:4)
  A moth of wrath (Lair:4)
  2 black mambas
  4 merfolk sirens (Lair:3)
  An elephant (Lair:4)
  Psyche (D:8)
  6 spiny frogs
  3 komodo dragons
  A rime drake (Lair:2)
  Prince Ribbit (D:7)
  A hornet (D:8)
  4 hippogriffs
  3 blink frogs (Lair:2)
  4 spriggans (Lair:4)
  19 yaks
  3 hogs (Lair:4)
  2 nagas (Lair:2)
  7 water moccasins
  5 porcupines
  2 ice beasts
  A sky beast (D:7)
  2 black bears (Lair:2)
  A phantom (D:3)
  4 ogres
  7 wolves
  5 crocodiles
  15 bullfrogs
  A wyvern zombie (D:8)
  A scorpion (D:8)
  6 howler monkeys
  4 crimson imps
  A centaur zombie (D:8)
  4 hounds
  3 jellies
  5 orc priests
  10 orc wizards
  4 iguanas
  7 worker ants
  A mummy (D:7)
  A howler monkey zombie (D:8)
  9 adders
  A shadow imp (D:8)
  An adder skeleton (D:7)
  3 worms (D:2)
  2 dart slugs
  8 leopard geckos
  21 orcs
  6 bats
  5 giant cockroaches
  6 goblins
  4 hobgoblins
  14 jackals
  7 quokkas
  A ball python (D:4)
  4 frilled lizards
  2 jackal skeletons
  5 kobolds
  2 kobold zombies (D:7)
  2 orc zombies (D:7)
  2 quokka skeletons
  5 rats (D:3)
  5 plants
273 creatures vanquished.

Vanquished Creatures (collateral kills)
  A hydra (Lair:4)
  A hog (Lair:4)
  A basilisk (Lair:4)
  A wolf (Lair:4)
4 creatures vanquished.

Vanquished Creatures (others)
  Kirke (Lair:4)
  2 plants (D:8)
3 creatures vanquished.

Grand Total: 280 creatures vanquished

Notes
Turn   | Place    | Note
-------+----------+-------------------------------------------
     0 | D:1      | Barabas the Minotaur Berserker began the quest for the Orb.
     0 | D:1      | Reached XP level 1. HP: 19/19 MP: 0/0
   189 | D:1      | Reached skill level 4 in Axes
   189 | D:1      | Reached XP level 2. HP: 6/27 MP: 1/1
   993 | D:2      | Found an opulent altar of Gozag.
  1026 | D:2      | Found an opulent altar of Gozag.
  1054 | D:2      | Reached XP level 3. HP: 31/34 MP: 2/2
  1497 | D:2      | Reached ** piety under Trog
  1497 | D:2      | Reached XP level 4. HP: 41/41 MP: 3/3
  1726 | D:2      | Found an iron altar of Okawaru.
  1727 | D:2      | Found a blossoming altar of Fedhas.
  1954 | D:3      | Noticed a phantom
  1964 | D:3      | Killed a phantom
  1964 | D:3      | Reached skill level 5 in Fighting
  1964 | D:3      | Reached skill level 5 in Axes
  1964 | D:3      | Reached XP level 5. HP: 48/48 MP: 4/4
  2211 | D:3      | Found a hide-covered altar of Uskayaw.
  2413 | D:3      | Found a stormy altar of Qazlal.
  3069 | D:4      | Found a shimmering altar of Xom.
  3075 | D:4      | Found a shimmering altar of Xom.
  3076 | D:4      | Found a shimmering altar of Xom.
  3329 | D:4      | Reached *** piety under Trog
  3329 | D:4      | Reached skill level 6 in Axes
  3360 | D:4      | Reached XP level 6. HP: 47/56 MP: 5/5
  3812 | D:5      | Entered Level 5 of the Dungeon
  4006 | D:5      | Reached skill level 7 in Axes
  4088 | D:5      | Noticed an ice beast
  4094 | D:5      | Killed an ice beast
  4094 | D:5      | Reached XP level 7. HP: 63/63 MP: 6/6
  4271 | D:5      | Found an ornate altar of the Wu Jian Council.
  4315 | D:5      | Reached skill level 5 in Armour
  4703 | D:5      | Reached skill level 8 in Axes
  4974 | D:6      | Reached XP level 8. HP: 65/71 MP: 7/7
  5142 | D:6      | Reached skill level 9 in Axes
  6080 | D:7      | Found a shadowy altar of Dithmenos.
  6120 | D:7      | Reached **** piety under Trog
  6216 | D:7      | Noticed Prince Ribbit
  6227 | D:7      | Killed Prince Ribbit
  6227 | D:7      | Received a gift from Trog
  6384 | D:7      | Reached skill level 10 in Axes
  6427 | D:7      | Found a staircase to the Ecumenical Temple.
  6567 | D:7      | Reached XP level 9. HP: 81/81 MP: 8/8
  6801 | D:8      | Noticed Psyche
  6805 | D:8      | Killed Psyche
  6867 | D:8      | Reached skill level 11 in Axes
  6897 | D:8      | Noticed a two-headed ogre
  6902 | D:8      | Killed a two-headed ogre
  7083 | D:8      | Found a staircase to the Lair.
  7087 | D:8      | Noticed a komodo dragon
  7110 | D:8      | Killed a komodo dragon
  7110 | D:8      | Reached skill level 12 in Axes
  7214 | D:8      | Found a shimmering blue altar of Sif Muna.
  7240 | D:8      | Reached XP level 10. HP: 81/91 MP: 9/9
  7445 | D:8      | Found a burning altar of Makhleb.
  7637 | Lair:1   | Entered Level 1 of the Lair of Beasts
  7640 | Lair:1   | Noticed a spiny frog
  7643 | Lair:1   | Found the +7 Singing Sword {slice, sonic wave}
  7647 | Lair:1   | Killed a spiny frog
  7653 | Lair:1   | Noticed a black mamba
  7664 | Lair:1   | Killed a black mamba
  7664 | Lair:1   | Reached skill level 10 in Fighting
  7666 | Lair:1   | Reached ***** piety under Trog
  7792 | Lair:1   | Reached skill level 13 in Axes
  7977 | Lair:1   | Noticed a spiny frog
  7985 | Lair:1   | Killed a spiny frog
  8129 | Lair:1   | Noticed a spiny frog
  8139 | Lair:1   | Killed a spiny frog
  8272 | Lair:1   | Noticed a spiny frog
  8276 | Lair:1   | Killed a spiny frog
  8276 | Lair:1   | Reached skill level 10 in Armour
  8472 | Lair:2   | Noticed a four-headed hydra
  8486 | Lair:2   | Killed a 12-headed hydra
  8486 | Lair:2   | Reached skill level 14 in Axes
  8486 | Lair:2   | Reached XP level 11. HP: 46/101 MP: 10/10
  8594 | Lair:2   | Found a sparkling altar of Nemelex Xobeh.
  9162 | Lair:2   | Reached skill level 15 in Axes
  9220 | Lair:2   | Found a staircase to the Snake Pit.
  9549 | Lair:3   | Received a gift from Trog
  9724 | Lair:3   | Noticed an eight-headed hydra
  9739 | Lair:3   | Killed a 15-headed hydra
 10181 | Lair:3   | Found a staircase to the Shoals.
 10276 | Lair:3   | Reached XP level 12. HP: 107/112 MP: 11/11
 10465 | Lair:4   | Noticed a six-headed hydra
 10468 | Lair:4   | Noticed Nergalle
 10478 | Lair:4   | Killed a 12-headed hydra
 10478 | Lair:4   | Reached skill level 16 in Axes
 10484 | Lair:4   | Killed Nergalle
 10619 | Lair:4   | Noticed a seven-headed hydra
 10621 | Lair:4   | Found a transporter.
 10625 | Lair:4   | Killed a six-headed hydra
 10629 | Lair:4   | Found a transporter.
 10658 | Lair:4   | Noticed Kirke
 10674 | Lair:4   | Killed Kirke
 10829 | Lair:4   | Identified the cursed +3 trident "Kofeog" {freeze, rF++ MR+
                  | Dex+4}
 10836 | Lair:4   | Identified the +10 trident "Ceigacs" {holy, Fragile rF+
                  | Stlth+}
 10838 | Lair:4   | Noticed sipior's ghost (journeyman OpVM)
 10849 | Lair:4   | Found a bloodstained altar of Trog.
 10915 | Lair:4   | Demolished by a spriggan rider

Levels and vault maps discovered:
D:1:      eino_arrival_cavern_a, layout_basic, minmay_misc_feat_secret_circle
D:2:      layout_rooms, lemuel_doored_altar, gammafunk_temple_overflow_statue,
          grunt_gozag_statues
D:3:      layout_basic, old_standard_altar, eat_drink_and_be_merry_uskayaw,
          first_ration, chequers_serial_rivers_micro_e, minmay_diced_spiral
D:4:      layout_basic, xom_redecorated
D:5:      layout_loops_ring, overflow_temple_1_default
D:6:      layout_layer_cave
D:7:      layout_loops_cross, temple_green, basic_altar, minmay_mini_ossuary,
          uniq_prince_ribbit1
D:8:      layout_loops_ring, kennysheep_mini, overflow_temple_1_default,
          david_lair_shrubbed, uniq_psyche
Lair:1:   layout_cave_shapes, serial_bayou_shore_b, infiniplex_staircase_pool_2
Lair:2:   layout_chaotic_city, guppyfry_snake_entry_garden, basic_altar,
          grunt_megastairs_4, infiniplex_staircase_pool
Lair:3:   layout_hall_layers, elwin_shoals_entry_stream
Lair:4:   layout_regular_city, gammafunk_ghost_wrathful_warriors, st_stairs_9,
          pond, uniq_nergalle, uniq_kirke

Skill      XL: |  1  2  3  4  5  6  7  8  9 10 11 12 |
---------------+-------------------------------------+-----
Axes           | 4 5 6 7 8 10 12 14 15 16 | 16.8
Fighting       | 4 5 6 8 9 10 12 | 12.9
Armour         | 3 4 5 7 8 10 11 12 | 12.4
Dodging        | |  2.7

Action                   |  1- 3 |  4- 6 |  7- 9 | 10-12 || total
-------------------------+-------+-------+-------+-------++-------
Melee: Hand axe          |    69 |    55 |       |       ||   124
       Headbutt          |     6 |    29 |    47 |    69 ||   151
       War axe           |       |    92 |   195 |   365 ||   652
Invok: Berserk           |     3 |     2 |     6 |    13 ||    24
       Brothers in Arms  |       |       |       |     4 ||     4
Evoke: Wand              |       |       |       |     2 ||     2
  Use: Scroll            |       |     4 |    13 |     7 ||    24
       Potion            |       |     3 |       |     5 ||     8
  Eat: Chunk             |     3 |    11 |    16 |    18 ||    48
       Ration            |       |       |       |     2 ||     2
Armor: Animal skin       |    12 |     8 |       |       ||    20
       Scale mail        |       |    38 |    53 |   154 ||   245
Dodge: Dodged            |    46 |    86 |    78 |   210 ||   420
